 Dungeon Crawl Stone Soup version 0.22-a0-135-g6f012ad (webtiles) character file.

916 galech the Grappler (level 7, -2/71 HPs)
             Began as a Troll Monk on Jan 31, 2018.
             Was a Believer of Cheibriados.
             Slain by an ice beast (4 damage)
             ... on level 5 of the Dungeon.
             The game lasted 00:06:16 (3651 turns).

galech the Grappler (Troll Monk)                    Turns: 3651, Time: 00:06:16

Health: -2/71      AC:  5    Str: 26    XL:     7   Next: 83%
Magic:  6/6        EV: 11    Int: 10    God:    Cheibriados [**....]
Gold:   264        SH:  0    Dex: 16    Spells: 6/6 levels left

rFire    . . .     SeeInvis .     - Unarmed
rCold    + . .     Gourm    +   (no shield)
rNeg     . . .     Faith    +   a - +0 robe
rPois    .         Spirit   .   (helmet restricted)
rElec    .         Reflect  .   (no cloak)
rCorr    .         Harm     .   (gloves unavailable)
MR       .....                  (boots unavailable)
Stlth    ++........             p - amulet of faith
HPRegen  0.61/turn              d - ring of protection from cold
MPRegen  0.10/turn              (no ring)

@: very slow
A: large, unfitting armour, claws 3, fast metabolism 3, gourmand, regeneration
1, shaggy fur 1, tough skin 2
a: Bend Time, Renounce Religion


You were on level 5 of the Dungeon.
You worshipped Cheibriados.
Cheibriados was pleased with you.
You were very full.

You visited 2 branches of the dungeon, and saw 6 of its levels.

You collected 264 gold pieces.

Inventory:

Armour
 a - a +0 robe (worn)
Jewellery
 d - a ring of protection from cold (left claw)
 p - an amulet of faith (around neck)
Wands
 u - a wand of digging (11)
Scrolls
 c - 3 scrolls of remove curse
 f - a scroll of identify
 h - a scroll of amnesia
 i - 2 scrolls of immolation
 j - a scroll of teleportation {unknown}
 k - 2 scrolls of fog {unknown}
 m - a scroll of enchant armour {unknown}
 n - a scroll of magic mapping {unknown}
 q - a scroll of fear {unknown}
 s - a scroll of blinking {unknown}
 t - a scroll of enchant weapon {unknown}
Potions
 e - a potion of might {unknown}
 g - a potion of invisibility {unknown}
 o - a potion of agility
 r - 2 potions of magic {unknown}
 v - a potion of curing {unknown}
 w - 2 potions of haste {unknown}
Comestibles
 b - 13 rations
 l - 5 chunks of flesh


   Skills:
 + Level 4.9 Fighting
 - Level 2.4 Dodging
 - Level 1.0 Stealth
 * Level 8.0 Unarmed Combat


You had 6 spell levels left.
You didn't know any spells.

Dungeon Overview and Level Annotations

Branches:
Dungeon (5/15)             Temple (1/1) D:5

Altars:
Ashenzari
Cheibriados
Hepliaklqana
Makhleb
Qazlal
Ru
Sif Muna
Uskayaw
Vehumet
Wu Jian
Xom
Yredelemnul
Zin
The Shining One

Annotations:
D:5 Grinder


Innate Abilities, Weirdness & Mutations

You are too large for most types of armour.
You have claws for hands.
Your metabolism is lightning-fast.
You like to eat raw meat.
Your natural rate of healing is unusually fast.
You are covered in fur. (AC +1)
You have very tough skin. (AC +2)


Message History

* * * LOW HITPOINT WARNING * * *
The ice beast freezes you. You resist.
* * * LOW HITPOINT WARNING * * *
The adder closely misses you.
Grinder blinks!
The adder barely misses you. The ice beast hits you.
* * * LOW HITPOINT WARNING * * *
The ice beast freezes you. You resist.
* * * LOW HITPOINT WARNING * * *
A ball python comes into view.
The ball python hisses angrily.
The adder barely misses you. The adder bites you but does no damage.
The ice beast barely misses you. The adder bites you but does no damage.
The ball python bites you but does no damage.
Grinder blinks!
The ball python barely misses you. The adder barely misses you.
The ice beast hits you.
* * * LOW HITPOINT WARNING * * *
The ice beast freezes you. You resist.
You die...

......###.###...#.....#.#.##...
.......##.....#.#.....#.#.# ###
........#####.#...........#
........# #.............##
........# #..............######
......>.# #....................
........#####...............#####
.................Y.........##
.......### #..<@S...§.....######
........# ##...S..........÷...#
........# ##............÷.^..#
........# ####.#.#..........#
........# #.#............#
........# #.##...........#
......<## #.###...†.......
......## ..# #........... #######
### #.....######


You could see an ice beast, an adder and a ball python.

Vanquished Creatures
  The ghost of zero the Covert, an amateur SpEn (D:4)
  Edmund (D:4)
  A sky beast (D:5)
  4 scorpions
  A centaur zombie (D:5)
  A hound (D:4)
  An iguana (D:5)
  Ijyb (D:4)
  3 orc wizards
  A worker ant (D:5)
  5 adders
  3 oozes
  2 worms
  A dart slug (D:1)
  4 leopard geckos
  6 orcs
  A ball python (D:2)
  6 bats
  5 giant cockroaches
  5 goblins
  9 hobgoblins
  18 jackals
  3 kobolds
  3 quokkas
  6 frilled lizards
  A leopard gecko skeleton (D:3)
  8 rats
101 creatures vanquished.

Vanquished Creatures (others)
  An orc wizard (D:4)
1 creature vanquished.

Grand Total: 102 creatures vanquished

Notes
Turn   | Place    | Note
-------+----------+-------------------------------------------
     0 | D:1      | galech the Troll Monk began the quest for the Orb.
     0 | D:1      | Reached XP level 1. HP: 22/22 MP: 0/0
    98 | D:1      | Found a shattered altar of Ashenzari.
   131 | D:1      | Reached XP level 2. HP: 29/29 MP: 1/1
   669 | D:1      | Reached XP level 3. HP: 36/36 MP: 2/2
   924 | D:2      | Reached skill level 4 in Unarmed Combat
  1538 | D:3      | Reached XP level 4. HP: 45/45 MP: 3/3
  2099 | D:3      | Reached skill level 5 in Unarmed Combat
  2099 | D:3      | Reached XP level 5. HP: 37/53 MP: 4/4
  2225 | D:4      | Noticed Ijyb
  2241 | D:4      | Killed Ijyb
  2366 | D:4      | Noticed zero's ghost (amateur SpEn)
  2378 | D:4      | Killed zero's ghost
  2378 | D:4      | Reached skill level 6 in Unarmed Combat
  2378 | D:4      | Reached XP level 6. HP: 46/62 MP: 5/5
  2514 | D:4      | Found a hazy altar of Hepliaklqana.
  2520 | D:4      | Noticed Edmund
  2528 | D:4      | Killed Edmund
  2681 | D:4      | Reached XP level 7. HP: 36/70 MP: 6/6
  2884 | D:4      | Found a deep blue altar of Sif Muna.
  3194 | D:5      | Entered Level 5 of the Dungeon
  3201 | D:5      | Reached skill level 7 in Unarmed Combat
  3250 | D:5      | Found a staircase to the Ecumenical Temple.
  3301 | Temple   | Entered the Ecumenical Temple
  3530 | Temple   | Became a worshipper of Cheibriados the Contemplative
  3530 | Temple   | Reached * piety under Cheibriados
  3530 | Temple   | Reached ** piety under Cheibriados
  3568 | D:5      | Reached skill level 8 in Unarmed Combat
  3589 | D:5      | Noticed Grinder
  3647 | D:5      | HP: 2/71 [ice beast (6)]
  3651 | D:5      | Slain by an ice beast

Vault maps used:
D:1:      lightli_arrival_noodles, minmay_parallelograms, minmay_misc_feat_five,
          nicolae_ashenzari_panopticon
D:2:      roderic_lattice_a, grunt_ministairs_1
D:3:      minmay_misc_feat_rows
D:4:      tgw_sif, nicolae_overflow_crystal_walls, serial_bayou_ford_a,
          uniq_edmund, uniq_ijyb
D:5:      nicolae_gozag_seed_capital, bloody_trog,
          gammafunk_temple_overflow_arena, minmay_temple_entry_butterflies,
          first_ration, minmay_door_square, uniq_pikel, uniq_grinder
Temple:   jpeg_temple_clearing

Skill      XL: |  1  2  3  4  5  6  7 |
---------------+----------------------+-----
Unarmed Combat | 4 5 6 8 |  8.0
Fighting       | 3 4 |  4.9
Dodging        | |  2.4
Stealth        | |  1.0

Action                   |  1- 3 |  4- 6 |  7- 9 || total
-------------------------+-------+-------+-------++-------
Melee: Unarmed           |   121 |   125 |   106 ||   352
       Punch             |       |     3 |       ||     3
  Use: Scroll            |     3 |       |       ||     3
 Stab: Sleeping          |     2 |     1 |       ||     3
  Eat: Chunk             |    20 |    10 |     8 ||    38
Armor: Robe              |    65 |    39 |    47 ||   151
Dodge: Dodged            |    76 |    72 |    73 ||   221

Table legend:
 A = Spawn XP
 B = Non-spawn XP
 C = Spawn XP percentage of total XP
 D = Spawn monster count
 E = Non-spawn monster count
 F = Spawn count percentage of total count
 G = Total turns spent on level
                    A         B        C        D         E        F      G
               +---------+---------+-------+---------+---------+-------+---------
         Total |       0 |    1309 |   0.0 |       0 |     101 |   0.0 |  3651
               +---------+---------+-------+---------+---------+-------+---------
           D:1 |       0 |      46 |   0.0 |       0 |      22 |   0.0 |   913
           D:2 |       0 |      46 |   0.0 |       0 |      20 |   0.0 |   609
           D:3 |       0 |     116 |   0.0 |       0 |      31 |   0.0 |   606
           D:4 |       0 |     590 |   0.0 |       0 |      11 |   0.0 |  1066
           D:5 |       0 |     511 |   0.0 |       0 |      17 |   0.0 |   312
               +---------+---------+-------+---------+---------+-------+---------
